 Dungeon Crawl Stone Soup version 0.28.0-53-g5a82cb258f (webtiles) character file.

Game seed: 7640978269845577495

77 Deemzul the Conjurer (level 4, -2/28 HPs)
             Began as an Octopode Conjurer on July 24, 2022.
             Was a Priest of Lugonu.
             Slain by a quokka (3 damage)
             ... on level 3 of the Dungeon.
             The game lasted 00:02:22 (2254 turns).

Deemzul the Conjurer (Octopode Conjurer)            Turns: 2254, Time: 00:02:23

Health: -2/28      AC:  1    Str:  6    XL:     4   Next: 33%
Magic:  2/7        EV: 13    Int: 22    God:    Lugonu [***...]
Gold:   80         SH:  0    Dex: 10    Spells: 7/8 levels left

rFire   . . .      SeeInvis .   a - +3 hand axe
rCold   . . .      Faith    .   (no shield)
rNeg    . . .      Spirit   .   (helmet restricted)
rPois   .          Reflect  .   (no amulet)
rElec   .          Harm     .   (no ring)
rCorr   .          Rampage  .   (no ring)
Will    .....                   (no ring)
Stlth   +++.......              (no ring)
HPRegen 0.09/turn               (no ring)
MPRegen 0.10/turn               (no ring)
                                (no ring)
                                (no ring)

@: no status effects
A: almost no armour, amphibious, 8 rings, camouflage 1, gelatinous body 1,
(nimble swimmer 1), tentacles
a: Renounce Religion, Depart the Abyss, Bend Space, Banish


You were on level 3 of the Dungeon.
You worshipped Lugonu.
Lugonu was most pleased with you.
You visited 1 branch of the dungeon, and saw 3 of its levels.

You collected 80 gold pieces.

Inventory:

Hand Weapons
 a - a +3 hand axe (weapon)
Scrolls
 b - 2 scrolls of enchant weapon {unknown}
 c - a scroll of identify {unknown}
 e - a scroll of amnesia {unknown}
 g - a scroll of noise {unknown}
 i - a scroll of magic mapping {unknown}
 j - a scroll of enchant armour {unknown}
 l - a scroll of teleportation {unknown}
Potions
 d - 3 potions of resistance {unknown}
 f - a potion of lignification {unknown}
 h - a potion of curing {unknown}
 k - a potion of degeneration {unknown}


   Skills:
 - Level 1.3 Fighting
 + Level 0.0 Axes
 + Level 2.6 Dodging
 + Level 3.6 Stealth
 + Level 2.5 Spellcasting
 + Level 4.4 Conjurations


You had 7 spell levels left.
You knew the following spells:

 Your Spells              Type           Power      Damage    Failure   Level
a - Magic Dart            Conj           88%        1d7       2%          1

Your spell library contained the following spells:

 Spells                   Type           Power      Damage    Failure   Level
 Searing Ray              Conj           44%        2d6       3%          2
 Foxfire                  Conj/Fire      48%        2x1d6     5%          1
 Conjure Flame            Conj/Fire      12%        6-21      16%         3
 Dazzling Flash           Conj/Hex       24%        N/A       16%         3
 Inner Flame              Hex/Fire       2%         N/A       36%         3
 Flame Wave               Conj/Fire      12%        2d6       47%         4
 Fulminant Prism          Conj/Hex       6%         3d7       47%         4
 Iskenderun's Mystic Bla  Conj/Tloc      12%        2d5       47%         4


Dungeon Overview and Level Annotations

Branches:
Dungeon (3/15)

Altars:
Qazlal
Lugonu


Innate Abilities, Weirdness & Mutations

You cannot wear most types of armour.
You are amphibious.
You can wear up to eight rings at the same time.
Your skin changes colour to match your surroundings (Stealth+).
Your rubbery body absorbs attacks. (AC +1, EV +1)
((You are camouflaged when in or above water. (Stealth+)))
You have tentacles for arms and can constrict up to eight enemies at once.


Message History

Aiming: Magic Dart (safe; 2% risk of failure)
Press: ? - help, Shift-Dir - straight line, f - iguana
Aim: an iguana (lightly wounded, constricted by you, 100% to hit)
The magic dart hits the iguana.
The iguana is moderately wounded.
You constrict the iguana. The iguana barely misses you.
Unknown command.
Casting: Magic Dart (safe; 2% risk of failure)
Confirm with . or Enter, or press ? or * to list all spells.
Aiming: Magic Dart (safe; 2% risk of failure)
Press: ? - help, Shift-Dir - straight line, f/p - iguana
Aim: an iguana (moderately wounded, constricted by you, 100% to hit)
The magic dart hits the iguana but does no damage.
The iguana is moderately wounded.
You constrict the iguana. The quokka barely misses you. The quokka misses you.
The iguana completely misses you.
Casting: Magic Dart (safe; 2% risk of failure)
Confirm with . or Enter, or press ? or * to list all spells.
Aiming: Magic Dart (safe; 2% risk of failure)
Press: ? - help, Shift-Dir - straight line, f/p - iguana
Aim: an iguana (heavily wounded, constricted by you, 100% to hit)
The magic dart hits the iguana.
The iguana is severely wounded.
You constrict the iguana. The quokka completely misses you.
The iguana bites you!
* * * LOW HITPOINT WARNING * * *
Casting: Magic Dart (safe; 2% risk of failure)
Confirm with . or Enter, or press ? or * to list all spells.
Aiming: Magic Dart (safe; 2% risk of failure)
Press: ? - help, Shift-Dir - straight line, f/p - iguana
Aim: an iguana (almost dead, constricted by you, 100% to hit)
The magic dart hits the iguana but does no damage.
The iguana is almost dead.
You constrict the iguana. The quokka bites you.
* * * LOW HITPOINT WARNING * * *
The iguana bites you but does no damage.
You release your grip on the iguana.
You see here a giant cockroach corpse.
The quokka bites you.
You die...

..#########.#
#...........## #
#.#...####...#
..#.#.....# #...#
..†.†...#g## #...#
#....l###...######.#
#.###.............).
... #r#.#...###.†...
...#. #@..##### ...
##.##.....#.# .
.......#..#.#
..#.#........# #.
#.#....#.# #
..####.# .## ..


You could see an iguana, a quokka and a hobgoblin.

Vanquished Creatures
  A hound skeleton (D:2)
  A worm (D:2)
  3 dart slugs
  An orc (D:2)
  5 ball pythons
  6 endoplasms
  4 giant cockroaches
  4 goblins
  6 hobgoblins
  3 jackals (D:2)
  2 quokkas
  3 bats
  3 frilled lizards
  A kobold (D:2)
  5 rats
48 creatures vanquished.

Notes
Turn   | Place    | Note
-------+----------+-------------------------------------------
     0 | D:1      | Deemzul the Octopode Conjurer began the quest for the Orb.
     0 | D:1      | Reached XP level 1. HP: 11/11 MP: 3/3
   224 | D:1      | Reached XP level 2. HP: 18/18 MP: 0/5
   381 | D:1      | Noticed an eye of devastation
   383 | D:1      | Found a faded altar of an unknown god.
   397 | D:1      | Noticed a shining eye
   432 | D:1      | Noticed an eye of devastation
   432 | D:1      | Noticed a golden eye
   569 | D:1      | Prayed at the altar of an unknown god.
   569 | D:1      | Became a worshipper of Lugonu the Unformed
   569 | D:1      | Reached * piety under Lugonu
   569 | D:1      | Reached ** piety under Lugonu
  1028 | D:2      | Reached XP level 3. HP: 22/22 MP: 3/6
  1215 | D:2      | Reached skill level 1 in Fighting
  1515 | D:2      | Found a stormy altar of Qazlal.
  1704 | D:2      | Reached XP level 4. HP: 28/28 MP: 5/7
  2248 | D:3      | Reached *** piety under Lugonu
  2252 | D:3      | HP: 1/28 [quokka (2)]
  2254 | D:3      | Slain by a quokka

Illustrated notes

Levels and vault maps discovered:
D:1:      pf_arrival_petrified_forest, layout_loops_ring,
          hellmonk_ecumenical_altar_watching_god
D:2:      layout_loops_cross, basic_altar
D:3:      layout_basic, minivault_19, minmay_fractal_squares_5, uniq_robin

Skill      XL: |  1  2  3 |
---------------+----------+-----
Stealth        | 3 |  3.6
Fighting       | 1 |  1.3
Dodging        | |  2.6
Spellcasting   | |  2.5
Conjurations   | |  4.4

Action                   |  1- 3 |  4- 6 || total
-------------------------+-------+-------++-------
Melee: Hand axe          |     2 |    15 ||    17
       Tentacles         |       |     4 ||     4
       Constrict         |       |     3 ||     3
 Cast: Magic Dart        |    69 |    26 ||    95
 Stab: Distracted        |       |     1 ||     1
Armor: Skin              |       |     3 ||     3
Dodge: Dodged            |     4 |    17 ||    21
